 Dungeon Crawl Stone Soup version 0.24.0-2-g5b39cebb1c (webtiles) character file.

Game seed: 9189316660321937761, levelgen mode: deterministic

59 Mrkan the Chopper (level 4, -5/40 HPs)
             Began as a Hill Orc Monk on Oct 31, 2019.
             Was a Believer of Dithmenos.
             Slain by an ice beast (14 damage)
             ... on level 6 of the Dungeon.
             The game lasted 00:02:16 (1885 turns).

Mrkan the Chopper (Hill Orc Monk)                   Turns: 1885, Time: 00:02:17

Health: -5/40      AC: 11    Str: 14    XL:     4   Next: 3%
Magic:  4/4        EV:  4    Int: 10    God:    Dithmenos [**....]
Gold:   78         SH:  0    Dex: 13    Spells: 3/3 levels left

rFire    . . .     SeeInvis .   a - +0 hand axe
rCold    . . .     Gourm    .   (no shield)
rNeg     . . .     Faith    .   o - +0 plate armour
rPois    .         Spirit   .   (no helmet)
rElec    .         Reflect  .   h - +0 cloak {MR+}
rCorr    .         Harm     .   (no gloves)
MR       +....                  (no boots)
Stlth    ..........             (no amulet)
HPRegen  0.13/turn              (no ring)
MPRegen  0.09/turn              (no ring)

@: wreathed by umbra
A: no striking features
a: Shadow Step, Renounce Religion


You were on level 6 of the Dungeon.
You worshipped Dithmenos.
Dithmenos was pleased with you.
You were not hungry.

You visited 1 branch of the dungeon, and saw 4 of its levels.

You collected 78 gold pieces.

Inventory:

Hand Weapons
 a - a +0 hand axe (weapon)
Armour
 h - a +0 cloak of magic resistance (worn)
 o - a +0 plate armour (worn)
Jewellery
 f - an uncursed ring of fire {unknown}
Scrolls
 b - 3 scrolls of enchant weapon {unknown}
 d - 2 scrolls of teleportation {unknown}
 e - 2 scrolls of immolation {unknown}
 g - a scroll of random uselessness {unknown}
 l - 2 scrolls of remove curse {unknown}
 m - 4 scrolls of identify {unknown}
 n - a scroll of noise {unknown}
Potions
 i - a potion of haste {unknown}
 k - a potion of degeneration {unknown}
Comestibles
 c - 4 rations
 j - a chunk of flesh


   Skills:
 + Level 4.1 Fighting
 * Level 5.0 Axes
 + Level 1.5 Armour
 - Level 2.7 Dodging
 - Level 1.5 Stealth
 + Level 0.3 Invocations


You had 3 spell levels left.
You didn't know any spells.
Your spell library was empty.

Dungeon Overview and Level Annotations

Branches:
Dungeon (3/15)

Altars:
Dithmenos


Message History

There is an open door here.
You open the door. As you open the door, it creaks loudly!
You fall into a shaft and drop 3 floors!
The shaft crumbles and collapses.
You hear the sound of rushing water.
There is an entrance to a sewer on this level.
Hurry and find it before the portal rusts away!
Found a scroll labeled ZUYSEEM VIPPA.
An ice beast comes into view.
You see here a scroll labeled ZUYSEEM VIPPA.
m - 4 scrolls labeled ZUYSEEM VIPPA (gained 1)
You hit the ice beast but do no damage. The ice beast hits you.
The ice beast freezes you.
You hit the ice beast but do no damage. The ice beast hits you.
The ice beast freezes you!
* * * LOW HITPOINT WARNING * * *
You hit the ice beast but do no damage. The ice beast hits you.
* * * LOW HITPOINT WARNING * * *
The ice beast freezes you!
You die...

..# #.# #.#
#.# #.# #.#
#######.###
#.@Y......#
#.#####.#.#
#+ ..# #
.### .. ##


You could see an ice beast.

Vanquished Creatures
  Crazy Yiuf (D:2)
  An adder (D:3)
  A shadow imp (D:2)
  A leopard gecko (D:2)
  A bat (D:2)
  2 goblins (D:1)
  3 hobgoblins
  A frilled lizard (D:2)
  3 kobolds
  2 rats (D:1)
16 creatures vanquished.

Notes
Turn   | Place    | Note
-------+----------+-------------------------------------------
     0 | D:1      | Mrkan the Hill Orc Monk began the quest for the Orb.
     0 | D:1      | Reached XP level 1. HP: 19/19 MP: 1/1
   766 | D:2      | Reached XP level 2. HP: 23/27 MP: 2/2
  1074 | D:2      | Found a runed translucent door.
  1075 | D:2      | Noticed Crazy Yiuf
  1106 | D:2      | Found a shadowy altar of Dithmenos.
  1461 | D:2      | Reached skill level 1 in Armour
  1683 | D:2      | Killed Crazy Yiuf
  1683 | D:2      | Reached XP level 3. HP: 26/33 MP: 3/3
  1732 | D:2      | Became a worshipper of Dithmenos the Shadowed
  1732 | D:2      | Reached * piety under Dithmenos
  1732 | D:2      | Reached ** piety under Dithmenos
  1798 | D:3      | Reached skill level 5 in Axes
  1798 | D:3      | Reached XP level 4. HP: 30/40 MP: 4/4
  1875 | D:3      | You fall into a shaft and drop 3 floors!
  1876 | D:6      | Noticed an ice beast
  1885 | D:6      | Slain by an ice beast

Levels and vault maps discovered:
D:1:      lemuel_arrival_broad_hall, layout_basic
D:2:      layout_basic, serial_glass, glass_columns_a, glass_columns_a,
          grunt_dithmenos_smoke, uniq_crazy_yiuf_cottage
D:3:      minmay_bubble_buster, layout_basic, old_standard_altar, uniq_ijyb
D:6:      layout_basic, marbit_many_paths, nicolae_ru_awakened_eye,
          portal_sewer_entry_d, kennysheep_generic_room_2

Skill      XL: |  1  2  3 |
---------------+----------+-----
Armour         | 1 |  1.5
Fighting       | 4 |  4.1
Axes           | 5 |  5.0
Dodging        | |  2.7
Stealth        | |  1.5
Invocations    | |  0.3

Action                   |  1- 3 |  4- 6 || total
-------------------------+-------+-------++-------
Melee: Hand axe          |    83 |     3 ||    86
 Stab: Invisible         |     2 |       ||     2
  Eat: Chunk             |     2 |     1 ||     3
Armor: Ring mail         |    14 |       ||    14
       Robe              |     1 |       ||     1
       Plate armour      |    14 |       ||    14
Dodge: Dodged            |    37 |       ||    37
